 Dungeon Crawl Stone Soup version 0.19.5 (webtiles) character file.

9285 galech the Cleaver (level 11, -1/99 HPs)
             Began as a Deep Dwarf Fighter on Mar 12, 2017.
             Was an Elder of Makhleb.
             Slain by a spectral orc knight
             ... wielding a +3 battleaxe
             ... summoned by Nergalle
              (12 damage)
             ... on level 11 of the Dungeon.
             The game lasted 00:21:31 (9304 turns).

galech the Cleaver (Deep Dwarf Fighter)             Turns: 9304, Time: 00:21:33

Health: -1/99      AC:  7    Str: 23    XL:     11   Next: 21%
Magic:  8/8        EV:  7    Int: 10    God:    Makhleb [****..]
Gold:   813        SH:  9    Dex: 13    Spells: 0 memorised, 10 levels left

rFire  + . .     SeeInvis .     m - +2 hand axe (chop)
rCold  . . .     Gourm    .     h - +2 scale mail {rPois}
rNeg   . . .     Faith    .     c - +0 shield
rPois  +         Spirit   .     (no helmet)
rElec  .         Reflect  .     j - +0 cloak
rCorr  .         Harm     .     J - +0 pair of gloves
MR     ++...                    (no boots)
Stlth  ..........               (no amulet)
                                P - ring of protection from fire
                                k - ring of protection from magic

@: lethally poisoned (-1 -> -1), non-regenerating, very heavily drained
A: damage resistance, recharge devices, clever 1, clumsy 1, deformed body, sense
surroundings 2, slow regeneration 3, strong 1
a: Device Recharging, Minor Destruction, Lesser Servant of Makhleb, Major
Destruction, Renounce Religion


You were on level 11 of the Dungeon.
You worshipped Makhleb.
Makhleb was greatly pleased with you.
You were not hungry.

You visited 1 branch of the dungeon, and saw 11 of its levels.
You also visited: Sewer.

You collected 813 gold pieces.

Inventory:

Hand Weapons
 a - a +0 war axe
 m - a +2 hand axe of chopping (weapon)
 Q - a cursed +0 broad axe
Armour
 c - a +0 shield (worn)
 h - a +2 scale mail of poison resistance (worn)
 j - a +0 cloak (worn)
 J - a +0 pair of gloves (worn)
Jewellery
 k - a ring of protection from magic (left hand)
 r - an uncursed ring of fire
 y - an uncursed ring of stealth
 O - an uncursed ring of protection from magic
 P - a ring of protection from fire (right hand)
 S - an uncursed ring of ice
 T - an uncursed ring of flight
 Z - an uncursed ring of wizardry {unknown}
Wands
 d - a wand of paralysis (18/24)
 e - a wand of heal wounds (0/9)
 U - a wand of disintegration (6/24)
 W - a wand of slowing (30/48)
Scrolls
 n - 2 scrolls of immolation
 o - 2 scrolls of enchant armour
 p - 3 scrolls of fear
 s - a scroll of recharging
 w - 2 scrolls of blinking
 A - a scroll of random uselessness
 F - 6 scrolls of teleportation
 G - 4 scrolls of noise
 H - a scroll of fog
 I - 2 scrolls of magic mapping
 K - 5 scrolls of remove curse
 N - a scroll of amnesia
 R - a scroll of enchant weapon
 X - 3 scrolls of silence
Potions
 l - a potion of lignification
 t - 2 potions of degeneration {unknown}
 v - 4 potions of brilliance {unknown}
 x - 9 potions of curing {unknown}
 z - a potion of haste {unknown}
 B - 2 potions of agility {unknown}
 C - 2 potions of flight {unknown}
 D - 3 potions of heal wounds
 E - a potion of might
 L - a potion of berserk rage {unknown}
 M - a potion of cure mutation {unknown}
Books
 b - a book of Power

   Spells                             Type                      Level
   a - Fulminant Prism                Conjuration/Hexes            4
   b - Iskenderun's Mystic Blast      Conjuration                  4
   c - Venom Bolt                     Conjuration/Poison           5
   d - Bolt of Magma                  Conjuration/Fire/Earth       5
   e - Iron Shot                      Conjuration/Earth            6
   f - Orb of Destruction             Conjuration                  7
   g - Spellforged Servitor           Conjuration/Summoning        7
 V - the Guide on the Blaze and Changing
   (You found it on level 9 of the Dungeon)

   Spells                             Type                      Level
   a - Flame Tongue                   Conjuration/Fire             1
   b - Beastly Appendage              Transmutation                1
   c - Throw Flame                    Conjuration/Fire             2
   d - Passwall                       Transmutation/Earth          2
   e - Spider Form                    Transmutation/Poison         3
   f - Petrify                        Transmutation/Earth          4
   g - Delayed Fireball               Conjuration/Fire             7
Comestibles
 f - 5 bread rations
 g - 10 fruits
 i - 4 meat rations
 q - 3 slices of pizza
 u - a beef jerky
 Y - 6 chunks of flesh


   Skills:
 + Level 6.9(0.7) Fighting
 + Level 11.4(4.5) Axes
 + Level 8.3(1.9) Armour
 + Level 5.5(0.0) Dodging
 + Level 2.6(0.0) Stealth
 + Level 9.5(2.8) Shields
 + Level 3.0(0.0) Evocations


You had 10 spell levels left.
You didn't know any spells.

Dungeon Overview and Level Annotations

Branches:
Dungeon (11/15)            Temple (0/1) D:7            Lair (0/6) D:9
    Orc: D:9-12

Altars:
Cheibriados
Fedhas
Gozag
Makhleb
Nemelex Xobeh
Sif Muna

Shops:
D:7 %   D:8 [   D:11 %

Annotations:
D:11 Nergalle


Innate Abilities, Weirdness & Mutations

You are resistant to damage.
You can recharge devices by infusing magical energy.
You passively map the area around you.
You do not regenerate.
Your mind is acute. (Int +2)
You are clumsy. (Dex -2)
Armour fits poorly on your strangely shaped body.
Your muscles are strong. (Str +2)


Message History

You block the spectral orc knight's attack.
The spectral orc knight hits you with an enchanted battleaxe!
* * * LOW HITPOINT WARNING * * *
Nergalle hits you with a dagger of venom.
You are more poisoned.
You block the spectral orc knight's attack.
You barely miss Nergalle.
Nergalle is moderately wounded.
You hit the spectral orc warlord but do no damage.
You hit the spectral orc knight.
You hit the spectral orc knight but do no damage. x2
The spectral orc warrior hits you from afar with a trident.
You feel drained.
The spectral orc warlord hits you with a great sword!
* * * LOW HITPOINT WARNING * * *
Nergalle hits you but does no damage.
The spectral orc knight hits you with a battleaxe.
You feel drained.
The spectral orc knight hits you with an enchanted battleaxe!
You die...

* * *....
#....##.....#....## ,
....##....##.....'....##
, ,
...............∩.#....#,
, *
.................#...<#,
* ,
,..........##....###+###
..........##....# , ,
,...##Z...##.....# ,
*######Z#####.....#, ,,
, , ......Z.@oZ.......#,
, ,, .......ZZZZ.......#
, , ,
.........Z........# , ,
, ................,,* ,
, , ** ################
* * **


You could see Nergalle, a spectral orc, 3 spectral orc warriors, 4 spectral orc
knights and a spectral orc warlord.

Vanquished Creatures
  Erica (D:9)
  3 trolls
  11 yaks (D:10)
  3 hungry ghosts
  The ghost of tof the Conjurer, an amateur DECj (D:4)
  A black bear (D:8)
  2 ice beasts
  3 orc warriors
  The ghost of galech the Shield-Bearer, an amateur MiFi (D:3)
  2 necrophages
  A phantom (D:5)
  5 ogres
  A sky beast (D:9)
  10 centaurs
  A crocodile (D:3)
  A big kobold (Sewer)
  6 bullfrogs
  2 gnoll sergeants
  3 scorpions
  10 killer bees
  8 wights
  3 howler monkeys
  6 crimson imps
  2 centaur zombies
  A bullfrog zombie (D:5)
  3 hounds
  A jelly (D:7)
  A bullfrog skeleton (D:5)
  Crazy Yiuf (D:7)
  3 orc priests
  A gnoll shaman (D:7)
  6 orc wizards
  5 iguanas
  10 worker ants
  A killer bee zombie (D:8)
  A hound skeleton (D:10)
  A howler monkey zombie (D:5)
  18 gnolls
  20 adders
  5 river rats (Sewer)
  2 shadow imps
  2 oozes (Sewer)
  An adder skeleton (D:4)
  2 worms
  8 leopard geckos
  34 orcs
  9 giant cockroaches
  8 goblins
  9 hobgoblins
  24 jackals
  2 quokkas
  4 ball pythons
  3 bats
  9 frilled lizards
  A giant cockroach zombie (D:5)
  21 kobolds
  A leopard gecko skeleton (D:4)
  A quokka zombie (D:6)
  23 rats
329 creatures vanquished.

Notes
Turn   | Place    | Note
-------+----------+-------------------------------------------
     0 | D:1      | galech the Deep Dwarf Fighter began the quest for the Orb.
     0 | D:1      | Reached XP level 1. HP: 20/20 MP: 1/1
   142 | D:1      | Reached XP level 2. HP: 20/27 MP: 2/2
   394 | D:1      | Reached XP level 3. HP: 15/34 MP: 3/3
   822 | D:2      | Reached skill level 3 in Axes
  1286 | D:3      | Reached XP level 4. HP: 9/42 MP: 4/4
  1376 | D:3      | Found a blossoming altar of Fedhas.
  1400 | D:3      | Noticed galech's ghost (amateur MiFi)
  1420 | D:3      | Killed galech's ghost
  1420 | D:3      | Reached skill level 4 in Axes
  1420 | D:3      | Reached XP level 5. HP: 17/49 MP: 5/5
  1468 | D:3      | Noticed a crocodile
  1483 | D:3      | Killed a crocodile
  1483 | D:3      | Reached skill level 1 in Dodging
  1628 | D:3      | Found a faded altar of an unknown god.
  1630 | D:3      | Reached XP level 6. HP: 31/56 MP: 5/5
  2288 | D:4      | Reached skill level 5 in Axes
  2288 | D:4      | Reached skill level 1 in Evocations
  2339 | D:4      | Found a glowing drain.
  2379 | Sewer    | Entered a sewer
  2564 | Sewer    | Reached XP level 7. HP: 23/63 MP: 6/6
  2883 | D:4      | Noticed tof's ghost (amateur DECj)
  2914 | D:4      | Killed tof's ghost
  2914 | D:4      | Reached skill level 6 in Axes
  2914 | D:4      | Reached skill level 5 in Armour
  2914 | D:4      | Reached skill level 5 in Shields
  3047 | D:4      | Found an opulent altar of Gozag.
  3091 | D:4      | Reached skill level 1 in Stealth
  3159 | D:4      | Found a snail-covered altar of Cheibriados.
  3159 | D:4      | Found a burning altar of Makhleb.
  3184 | D:4      | Became a worshipper of Makhleb the Destroyer
  3589 | D:4      | Reached XP level 8. HP: 35/72 MP: 6/6
  3836 | D:5      | Entered Level 5 of the Dungeon
  3974 | D:5      | Found a sparkling altar of Nemelex Xobeh.
  4023 | D:5      | Reached skill level 7 in Axes
  4676 | D:6      | Reached * piety under Makhleb
  5019 | D:6      | Gained mutation: You passively map the area around you. [Deep Dwarf growth]
  5019 | D:6      | Reached XP level 9. HP: 38/80 MP: 5/5
  5190 | D:6      | Found a sparkling altar of Nemelex Xobeh.
  5229 | D:6      | Found a deep blue altar of Sif Muna.
  5350 | D:7      | Found a staircase to the Ecumenical Temple.
  5402 | D:7      | Found Dubruzic's Food Emporium.
  5500 | D:7      | Reached skill level 8 in Axes
  5510 | D:7      | Reached skill level 5 in Fighting
  5700 | D:7      | Found a runed door.
  5704 | D:7      | Noticed Crazy Yiuf
  5712 | D:7      | Killed Crazy Yiuf
  5712 | D:7      | Reached ** piety under Makhleb
  6558 | D:8      | Found Loizirch's Armour Emporium.
  6638 | D:8      | Reached skill level 9 in Axes
  7213 | D:9      | Reached XP level 10. HP: 29/88 MP: 7/7
  7290 | D:9      | Reached *** piety under Makhleb
  7363 | D:9      | Identified the Guide on the Blaze and Changing
  7462 | D:9      | Found a staircase to the Lair.
  7462 | D:9      | Noticed Erica
  7485 | D:9      | Killed Erica
  7485 | D:9      | Reached skill level 10 in Axes
  7627 | D:9      | Reached skill level 5 in Dodging
  8188 | D:9      | Gained mutation: Your mind is acute. (Int +2) [mutagenic meat]
  8189 | D:9      | Gained mutation: Your muscles are strong. (Str +2) [mutagenic meat]
  8190 | D:9      | Gained mutation: You are clumsy. (Dex -2) [mutagenic meat]
  8191 | D:9      | Gained mutation: Armour fits poorly on your strangely shaped body. [mutagenic meat]
  8263 | D:10     | Entered Level 10 of the Dungeon
  8466 | D:10     | Reached **** piety under Makhleb
  8678 | D:10     | Reached skill level 11 in Axes
  8683 | D:10     | Reached XP level 11. HP: 93/98 MP: 8/8
  9246 | D:11     | Found Orghy's Food Shop.
  9260 | D:11     | Noticed Nergalle
  9279 | D:11     | Noticed a spectral orc warlord
  9304 | D:11     | Slain by a spectral orc knight

Skill      XL: |  1  2  3  4  5  6  7  8  9 10 |
---------------+-------------------------------+-----
Fighting       | 3 4 5 6 |  6.9
Axes           | 3 4 5 6 7 9 11 | 11.4
Armour         | 4 5 6 7 8 |  8.3
Shields        | 4 5 6 8 9 |  9.5
Dodging        | 1 2 3 4 5 |  5.5
Evocations     | 1 2 3 |  3.0
Stealth        | 1 2 |  2.6

Action                   |  1- 3 |  4- 6 |  7- 9 | 10-12 || total
-------------------------+-------+-------+-------+-------++-------
Melee: War axe           |    18 |       |       |       ||    18
       Hand axe          |    82 |   240 |   696 |   475 ||  1493
 Abil: Device Recharging |       |     1 |     4 |       ||     5
Evoke: Wand              |       |     6 |    22 |    13 ||    41
  Use: Potion            |       |     1 |       |       ||     1
       Scroll            |       |       |    14 |     5 ||    19
 Stab: Sleeping          |       |       |     4 |       ||     4
  Eat: Chunk             |     1 |     5 |    16 |    16 ||    38
       Bread ration      |       |       |     1 |       ||     1
Armor: Scale mail        |    42 |    87 |   216 |   115 ||   460
Dodge: Dodged            |    30 |    63 |   256 |   133 ||   482
Block: Shield            |    47 |   123 |   357 |   255 ||   782
